 Dungeon Crawl Stone Soup version 0.28-a0-561-gc72452776e (webtiles) character file.

Game seed: 15341068845182628390

57 Conn the Firebug (level 4, -3/27 HPs)
             Began as an Octopode Fire Elementalist on Sept 29, 2021.
             Slain by a black bear (6 damage)
             ... on level 2 of the Dungeon.
             The game lasted 00:03:26 (2546 turns).

Conn the Firebug (Octopode Fire Elementalist)       Turns: 2546, Time: 00:03:27

Health: -3/27      AC:  1    Str:  7    XL:     4   Next: 0%
Magic:  0/7        EV: 13    Int: 18    God:
Gold:   47         SH:  5    Dex: 12    Spells: 6/7 levels left

rFire   . . .      SeeInvis .   f - +0 short sword
rCold   . . .      Faith    .   (no shield)
rNeg    . . .      Spirit   .   (helmet restricted)
rPois   .          Reflect  +   j - amulet of reflection
rElec   .          Harm     .   (no ring)
rCorr   .          Rampage  .   (no ring)
Will    .....                   (no ring)
Stlth   +++.......              (no ring)
HPRegen 0.09/turn               (no ring)
MPRegen 0.10/turn               (no ring)
                                (no ring)
                                (no ring)

@: no status effects
A: almost no armour, amphibious, 8 rings, camouflage 1, gelatinous body 1,
(nimble swimmer 1), tentacles
a: no special abilities


You were on level 2 of the Dungeon.
You visited 1 branch of the dungeon, and saw 2 of its levels.

You collected 47 gold pieces.

Inventory:

Hand Weapons
 f - a +0 short sword (weapon)
Missiles
 d - 24 sling bullets
Jewellery
 j - an amulet of reflection (around mantle)
Scrolls
 b - 3 scrolls of identify {unknown}
 c - 2 scrolls of teleportation {unknown}
 e - a scroll of enchant armour {unknown}
 h - a scroll of acquirement {unknown}
 i - a scroll of blinking {unknown}


   Skills:
 + Level 2.4 Dodging
 + Level 3.6 Stealth
 + Level 2.4 Spellcasting
 + Level 1.4 Conjurations
 + Level 3.6 Fire Magic


You had 6 spell levels left.
You knew the following spells:

 Your Spells              Type           Power      Damage    Failure   Level
a - Foxfire               Conj/Fire      44%        2x1d6     6%          1

Your spell library contained the following spells:

 Spells                   Type           Power      Damage    Failure   Level
 Scorch                   Fire           30%        2d7       6%          2
 Conjure Flame            Conj/Fire      11%        6-21      19%         3
 Inner Flame              Hex/Fire       8%         N/A       24%         3
 Flame Wave               Conj/Fire      11%        3d4       52%         4


Dungeon Overview and Level Annotations

Branches:
Dungeon (2/15)

Altars:


Innate Abilities, Weirdness & Mutations

You cannot wear most types of armour.
You are amphibious.
You can wear up to eight rings at the same time.
Your skin changes colour to match your surroundings (Stealth+).
Your rubbery body absorbs attacks. (AC +1, EV +1)
((You are camouflaged near water. (Stealth+)))
You have tentacles for arms and can constrict up to eight enemies at once.


Message History

Casting: Foxfire (safe; 6% risk of failure)
Confirm with . or Enter, or press ? or * to list all spells.
You conjure some foxfire!
Your foxfire dissipates!
The foxfire hits the black bear.
The black bear is moderately wounded.
The foxfire hits the black bear but does no damage.
The black bear is moderately wounded.
The foxfire hits the black bear.
The black bear is heavily wounded.
Casting: Foxfire (safe; 6% risk of failure)
Confirm with . or Enter, or press ? or * to list all spells.
You conjure some foxfire!
The foxfire hits the black bear.
The black bear is heavily wounded.
The foxfire hits the black bear.
The black bear is heavily wounded.
Unknown command.
Casting: Foxfire (safe; 6% risk of failure)
Confirm with . or Enter, or press ? or * to list all spells.
You don't have enough magic to cast this spell.
Unknown command.
The foxfire hits the black bear but does no damage.
The black bear is heavily wounded.
The foxfire hits the black bear.
The black bear is severely wounded.
The black bear goes berserk!
The black bear rages.
It was a potion of curing.
You feel better. The black bear bites you. The black bear misses you.
The black bear claws you.
It was a potion of heal wounds.
You feel much better. The black bear closely misses you.
The black bear claws you. x2
You aren't carrying any potions.
Casting: Foxfire (safe; 6% risk of failure)
Confirm with . or Enter, or press ? or * to list all spells.
You conjure some foxfire!
The black bear bites you!
* * * LOW HITPOINT WARNING * * *
The black bear claws you.
* * * LOW HITPOINT WARNING * * *
You block the black bear's attack. The black bear bites you.
You die...

........######. ###
######.........
######..
.......########
#...##.# ...÷......#
#.#.##.# #h.##..##.#
#.#.##.#
...##..##.########
#.#.##)#
#................#
####.......
#..##...#.######.##
#.......#.#
........).# ##v@.##
#.##....#..
.....h....#
#.vh..####.##....###
##.###.####
#.......##.###.#.#
#.# #.# #.....#.##.#
#.#.# #.# #.#
#....##.#..###.#.#
#.###h##
#...............>#
##.##...##
#..#.###.#..##.###
...#.....##
##..........##.####
###h.†....##
#.#.###.#.###.##.##


You could see a black bear (berserk, ally target).

Vanquished Creatures
  2 adders (D:2)
  2 worms (D:2)
  6 bats
  4 endoplasms
  2 goblins (D:1)
  2 hobgoblins (D:1)
  5 kobolds
  7 ball pythons
  3 frilled lizards
  2 rats
35 creatures vanquished.

Vanquished Creatures (others)
  146 foxfires
146 creatures vanquished.

Grand Total: 181 creatures vanquished

Notes
Turn   | Place    | Note
-------+----------+-------------------------------------------
     0 | D:1      | Conn the Octopode Fire Elementalist began the quest for the
                  | Orb.
     0 | D:1      | Reached XP level 1. HP: 11/11 MP: 3/3
   240 | D:1      | Reached XP level 2. HP: 15/17 MP: 0/5
  1328 | D:2      | Reached XP level 3. HP: 21/21 MP: 0/6
  1635 | D:2      | Noticed a black bear
  2486 | D:2      | Reached XP level 4. HP: 27/27 MP: 4/7
  2546 | D:2      | Slain by a black bear

Illustrated notes

Levels and vault maps discovered:
D:1:      psy_arrival_basics, layout_basic
D:2:      layout_loops_corners, minmay_surrounded

Skill      XL: |  1 |
---------------+----+-----
Stealth        | 3 |  3.6
Dodging        | |  2.4
Spellcasting   | |  2.4
Conjurations   | |  1.4
Fire Magic     | |  3.6

Action                   |  1- 3 |  4- 6 || total
-------------------------+-------+-------++-------
Melee: Short sword       |     9 |       ||     9
       Unarmed           |     4 |       ||     4
       Tentacles         |     4 |       ||     4
       Constrict         |     3 |       ||     3
 Cast: Foxfire           |    81 |     8 ||    89
  Use: Potion            |       |     2 ||     2
 Stab: Sleeping          |     2 |       ||     2
Armor: Skin              |     2 |       ||     2
Dodge: Dodged            |    19 |     2 ||    21
Block: Other             |       |     1 ||     1

Table legend: (Time is in decaauts)
 A = Elapsed time spent in this place.
 B = Non-inter-level travel time spent in this place.
 C = Inter-level travel time spent in this place.
 D = Time resting spent in this place.
 E = Time spent auto-exploring this place.
 F = Levels seen in this place.
 G = Mean time per level.
                   A        B        C        D        E       F      G
               +--------+--------+--------+--------+--------+-----+--------+
         Total |   2549 |   2530 |     19 |    150 |   1858 |   2 | 1274.5 |
       Dungeon |   2549 |   2530 |     19 |    150 |   1858 |   2 | 1274.5 |
               +--------+--------+--------+--------+--------+-----+--------+

Top non-repeatable levels by time:
     D:1: 1287 daAuts
     D:2: 1261 daAuts
